 Dungeon Crawl Stone Soup version 0.28-a0-751-gef3a642a4e (webtiles) character file.

Game seed: 18032861301809735861

85226 lawman0 the Severer (level 15, 0/193 HPs)
             Began as a Palentonga Berserker on Oct 30, 2021.
             Was a High Priest of Trog.
             Succumbed to a naga sharpshooter's splash of poison
             ... on level 1 of the Snake Pit.
             The game lasted 00:44:05 (33685 turns).

lawman0 the Severer (Palentonga Berserker)         Turns: 33685, Time: 00:44:05

Health: 0/193      AC: 24    Str: 26    XL:     15   Next: 37%
Magic:  0/15       EV:  4    Int:  9    God:    Trog [*****.]
Gold:   1990       SH:  0    Dex:  9    Spells: 14/14 levels left

rFire   + . .      SeeInvis +   a - +2 battleaxe of Killer Klown's Foe {vorpal, rCorr}
rCold   + . .      Faith    .   (shield currently unavailable)
rNeg    . . .      Spirit   +   B - +2 plate armour {rPois}
rPois   +          Reflect  .   o - +0 helmet
rElec   .          Harm     .   V - scarf {repulsion}
rCorr   +          Rampage  +   d - +0 pair of gloves
Will    +....                   y - +0 barding
Stlth   ..........              H - amulet "Cynt" {Spirit Rampage rC+ Will- rCorr}
HPRegen 0.42/turn               h - ring of protection from fire
MPRegen 0.14/turn               Q - ring of willpower

@: berserking (expiring), lethally poisoned (0 -> -7), repel missiles, very
quick
A: large, rugged brown scales 3, see invisible, deformed body, roll 1, armoured
tail, reflexive curl
a: Rolling Charge, Renounce Religion, Berserk, Trog's Hand, Brothers in Arms


You were on level 1 of the Snake Pit.
You worshipped Trog.
Trog was extremely pleased with you.
You visited 4 branches of the dungeon, and saw 24 of its levels.
You also visited: Ossuary.

You collected 2630 gold pieces.
You spent 640 gold pieces at shops.

Inventory:

Hand Weapons
 a - the +2 battleaxe of Killer Klown's Foe (weapon) {vorpal, rCorr}
   (Trog gifted it to you on level 1 of the Snake Pit)

   It inflicts extra damage upon your enemies.
   rCorr:     It protects you from acid and corrosion.
Missiles
 e - 7 atropa-tipped darts
 p - 93 poisoned darts
 C - a throwing net
 G - 5 curare-tipped darts (quivered)
Armour
 d - a +0 pair of gloves (worn)
 o - a +0 helmet (worn)
 y - a +0 barding (worn)
 B - a +2 plate armour of poison resistance (worn)
 E - +0 ice dragon scales
 V - a scarf of repulsion (worn)
Jewellery
 h - a ring of protection from fire (left hand)
 H - the amulet "Cynt" (around neck) {Spirit Rampage rC+ Will- rCorr}
   (You found it on level 8 of the Dungeon)

   [amulet of guardian spirit]

   It causes incoming damage to be divided between your reserves of health and
   magic.
   rC:        It protects you from cold.
   rCorr:     It protects you from acid and corrosion.
   Rampage:   It bestows one free step when moving towards enemies.
   Will:      It decreases your willpower.
 Q - a ring of willpower (right hand)
 R - a ring of flight
Wands
 b - a wand of mindburst (2)
 k - a wand of digging (3)
 n - a wand of iceblast (24)
 w - a wand of paralysis (4)
 A - a wand of flame (75)
 J - a wand of polymorph (30)
Scrolls
 f - a scroll of vulnerability
 g - a scroll of summoning
 i - 9 scrolls of enchant weapon
 j - 5 scrolls of fog
 m - 4 scrolls of magic mapping
 s - 3 scrolls of immolation
 t - a scroll of teleportation
 F - 5 scrolls of enchant armour
 I - a scroll of torment
 O - 2 scrolls of fear
 S - a scroll of identify
 T - a scroll of holy word
Potions
 c - 2 potions of curing
 q - a potion of mutation
 r - 3 potions of cancellation
 u - a potion of resistance
 v - 4 potions of flight
 x - 2 potions of heal wounds
 z - a potion of magic
 D - 12 potions of might
 L - 5 potions of ambrosia
 M - 5 potions of haste
 N - 2 potions of attraction
Miscellaneous
 l - a box of beasts
 P - a condenser vane


   Skills:
 + Level 12.2 Fighting
 * Level 19.8 Axes
 - Level 1.1 Throwing
 + Level 12.2 Armour
 + Level 3.9 Dodging
 + Level 4.0 Evocations


You had 14 spell levels left.
You didn't know any spells.
Your spell library was empty.

Dungeon Overview and Level Annotations

Branches:
Dungeon (15/15)            Temple (0/1) D:7            Lair (6/6) D:9
 Shoals (0/4) Lair:2        Snake (1/4) Lair:4        Slime (0/5) Lair:6
    Orc (2/2) D:9             Elf (0/3) Orc:2        Vaults (0/5) D:14
 Depths (0/4) D:15        Ossuary (visited)

Altars:
Elyvilon
Fedhas
Hepliaklqana
Makhleb
Sif Muna
Xom
Jiyva

Shops:
D:5 =   Orc:1 ?   Orc:2 ![=(

Annotations:
Lair:4 3 runed translucent doors, Naugein's ghost, journeyman MiHu
Lair:6 exclusion: 3 oklob plants


Innate Abilities, Weirdness & Mutations

You are completely covered in rugged brown scales. (AC +3, +7% HP)
You have supernaturally acute eyesight. (SInv)
Armour fits poorly on your strangely shaped body.
You can roll at nearby foes to attack.
You have a long armoured tail.
You curl defensively after being hit.


Message History

You kill the naga sharpshooter!
Trog accepts your kill.
Trog appreciates your killing of a magic user.
You feel sick.
The shock serpent shoots out a bolt of lightning at you!
The bolt of electricity hits you! The bolt of electricity hits you!!
* * * LOW HITPOINT WARNING * * *
Unknown command.
You rampage towards the shock serpent!
You miss the shock serpent. You slash the naga sharpshooter!
The naga sharpshooter spits poison at you.
The splash of poison hits you but does no damage.
You are more poisoned.
You resist.
You slice the shock serpent!! You tail-slap the shock serpent!
The shock serpent is heavily wounded.
You slice the naga sharpshooter!!
The shock serpent's electric aura discharges, shocking you!
* * * LOW HITPOINT WARNING * * *
You feel sick.
The shock serpent bites you but does no damage.
You barely miss the shock serpent.
The shock serpent is heavily wounded.
You hit the naga sharpshooter.
You feel sick.
The naga sharpshooter casts a spell.
The naga sharpshooter magically shoots an arrow.
The arrow hits you!!
* * * LOW HITPOINT WARNING * * *
The arrow burns you.
* * * LOW HITPOINT WARNING * * *
The shock serpent bites you.
* * * LOW HITPOINT WARNING * * *
The shock serpent shocks you!
* * * LOW HITPOINT WARNING * * *
You are too berserk!
You barely miss the shock serpent.
Your tail-slap misses the shock serpent.
The shock serpent is heavily wounded.
You hit the naga sharpshooter.
You die...

.......# .#####.## ....
.#......# ... .÷......##
... #........### ..# #
##.........###.###.# ##
##..........#...#.#...#
##.#....##....SN.....#
#.###.##..###@# .
..#.....#.....#.# ..
.......(##...)..# #.###
#..#...........###......
# .#......#.............
##.#.#....##....#†......
...#.#..........#.......
...#####...#.####...###.
.......#.##### #.##


You could see a naga sharpshooter (catching breath) and a shock serpent.

Vanquished Creatures
  Rupert (Lair:3)
  An orc warlord (Orc:2)
  Josephine (D:12)
  3 hydras
  A vault guard (D:14)
  Erolcha (Orc:1)
  A catoblepas (Lair:4)
  A naga warrior (Snake:1)
  A merfolk avatar (Lair:6)
  5 centaur warriors
  Erica (D:8)
  5 two-headed ogres
  5 death yaks (Lair:6)
  3 orc high priests (Orc:2)
  2 tengu warriors (D:14)
  2 naga sharpshooters (Snake:1)
  A shock serpent (Snake:1)
  2 skeletal warriors (D:12)
  2 sea snakes (Lair:6)
  An obsidian statue (Lair:2)
  A wizard (D:14)
  The ghost of OstrichLN the Basher, a novice MiFi of Gozag (D:6)
  Pikel (D:5)
  7 orc knights
  A necromancer (D:14)
  A harpy (Lair:6)
  3 deep elf pyromancers
  A mana viper (Snake:1)
  4 cyclopes
  2 salamanders (Snake:1)
  3 ugly things
  6 orc sorcerers (Orc:2)
  A naga mage (Snake:1)
  An elephant (Lair:6)
  5 manticores
  4 black mambas (Snake:1)
  13 cane toads
  An unseen horror (D:11)
  4 rime drakes
  3 kobold demonologists
  10 komodo dragons
  A tengu conjurer (D:13)
  4 trolls
  3 meliai (Lair:5)
  4 polar bears
  2 hornets (Lair:6)
  Grinder (D:6)
  A queen bee (Lair:5)
  Prince Ribbit (D:5)
  12 blink frogs
  6 slime creatures (D:12)
  A meliai zombie (D:10)
  A shadow (D:11)
  3 wyverns
  10 wraiths
  15 humans (D:14)
  Sigmund (D:2)
  24 yaks
  Eustachio (D:6)
  6 basilisks
  2 steam dragons
  Edmund (D:4)
  Menkaure (D:5)
  6 vampire mosquitoes
  10 nagas
  3 wargs
  4 acid dragons
  14 water moccasins
  3 black bears
  26 orc warriors
  A sky beast (D:8)
  4 ogres
  9 wolves
  A phantom (D:5)
  11 centaurs
  3 lemures (D:5)
  2 kobold brigands
  2 gnoll sergeants
  12 scorpions
  12 bullfrogs
  20 killer bees (Lair:5)
  7 howler monkeys
  8 electric eels
  2 centaur zombies (Ossuary)
  A human zombie (Ossuary)
  Crazy Yiuf (D:7)
  14 orc priests
  4 centaur skeletons
  5 scorpion zombies (Ossuary)
  Ijyb (D:3)
  4 hell rats (Lair:4)
  2 iguanas
  17 orc wizards
  2 killer bee zombies (D:8)
  3 mummies (Ossuary)
  12 gnolls
  9 adders
  2 white imps
  An ufetubus (D:7)
  A dart slug (D:2)
  53 orcs
  6 bats
  6 endoplasms
  A giant cockroach (D:4)
  10 goblins
  3 hobgoblins
  6 jackals
  20 kobolds
  3 quokkas
  6 ball pythons
  6 frilled lizards
  2 gnoll zombies (Ossuary)
  2 goblin zombies (Ossuary)
  3 hobgoblin zombies (Ossuary)
  A kobold zombie (Ossuary)
  2 orc zombies (Ossuary)
  2 rats (D:3)
585 creatures vanquished.

Vanquished Creatures (collateral kills)
  5 hydras
  A boulder beetle (D:12)
  A vault guard (D:14)
  A skeletal warrior (D:12)
  A necromancer (D:14)
  A cane toad (Lair:6)
  A slime creature (D:12)
  2 humans (D:14)
  2 centaurs (D:12)
15 creatures vanquished.

Vanquished Creatures (others)
  A wizard (D:14)
  An orc (Orc:2)
  A bush (Lair:6)
  54 fungi
  95 plants
152 creatures vanquished.

Grand Total: 752 creatures vanquished

Notes
Turn   | Place    | Note
-------+----------+-------------------------------------------
     0 | D:1      | lawman0 the Palentonga Berserker began the quest for the
                  | Orb.
     0 | D:1      | Reached XP level 1. HP: 19/19 MP: 1/1
   197 | D:1      | Found a faded altar of an unknown god.
   235 | D:1      | Reached XP level 2. HP: 20/25 MP: 2/2
   751 | D:1      | Reached ** piety under Trog
  1084 | D:2      | Reached XP level 3. HP: 23/31 MP: 3/3
  1250 | D:2      | Noticed Sigmund
  1263 | D:2      | Killed Sigmund
  1264 | D:2      | Reached skill level 5 in Axes
  1264 | D:2      | Reached XP level 4. HP: 38/38 MP: 4/4
  1264 | D:2      | Reached XP level 5. HP: 43/43 MP: 5/5
  2082 | D:3      | Noticed Ijyb
  2092 | D:3      | Killed Ijyb
  2462 | D:3      | Noticed an ogre
  2470 | D:3      | Killed an ogre
  2471 | D:3      | Reached skill level 6 in Axes
  2471 | D:3      | Reached XP level 6. HP: 32/51 MP: 6/6
  2765 | D:4      | Found a sand-covered staircase.
  2773 | Ossuary  | Entered an ossuary
  3026 | Ossuary  | Reached *** piety under Trog
  3027 | Ossuary  | Gained mutation: You curl defensively after being hit.
                  | [Palentonga growth]
  3027 | Ossuary  | Reached XP level 7. HP: 56/56 MP: 7/7
  3079 | Ossuary  | Reached skill level 7 in Axes
  3378 | Ossuary  | Reached skill level 8 in Axes
  3381 | Ossuary  | Reached XP level 8. HP: 64/64 MP: 8/8
  3777 | D:4      | Found a blossoming altar of Fedhas.
  4076 | D:4      | Noticed Edmund
  4090 | D:4      | Killed Edmund
  4091 | D:4      | Reached skill level 9 in Axes
  4295 | D:5      | Entered Level 5 of the Dungeon
  4308 | D:5      | Reached **** piety under Trog
  4579 | D:5      | Reached skill level 5 in Fighting
  4774 | D:5      | Noticed Pikel
  4804 | D:5      | Killed Pikel
  4805 | D:5      | Reached skill level 10 in Axes
  4805 | D:5      | Reached XP level 9. HP: 31/72 MP: 9/9
  4875 | D:5      | Found Oress's Jewellery Shop.
  4910 | D:5      | Noticed Prince Ribbit
  4936 | D:5      | Killed Prince Ribbit
  5002 | D:5      | Noticed Menkaure
  5008 | D:5      | Killed Menkaure
  5277 | D:6      | Noticed Grinder
  5285 | D:6      | Killed Grinder
  5286 | D:6      | Reached skill level 11 in Axes
  5776 | D:6      | Reached skill level 1 in Throwing
  5789 | D:6      | Found a runed translucent door.
  5806 | D:6      | Noticed OstrichLN's ghost (novice MiFi)
  5905 | D:6      | Noticed Eustachio
  5942 | D:6      | Killed Eustachio
  6340 | D:6      | Killed OstrichLN's ghost
  6341 | D:6      | Reached skill level 12 in Axes
  6602 | D:7      | Found a staircase to the Ecumenical Temple.
  6754 | D:7      | Reached XP level 10. HP: 77/81 MP: 10/10
  7262 | D:7      | Found a runed translucent door.
  7263 | D:7      | Noticed Crazy Yiuf
  7272 | D:7      | Killed Crazy Yiuf
  7387 | D:8      | Identified the amulet "Cynt" {Spirit Rampage rC+ Will-
                  | rCorr}
  7391 | D:8      | lol
  7611 | D:8      | Found a shimmering blue altar of Sif Muna.
  7690 | D:8      | Reached skill level 5 in Armour
  7731 | D:8      | Noticed Erica
  7749 | D:8      | Killed Erica
  7930 | D:8      | Reached skill level 13 in Axes
  7942 | D:8      | Found a hazy altar of Hepliaklqana.
  8179 | D:8      | Found a white marble altar of Elyvilon.
  8192 | D:8      | Reached ***** piety under Trog
  9055 | D:9      | Found a staircase to the Lair.
  9075 | D:9      | Noticed a two-headed ogre
  9088 | D:9      | Killed a two-headed ogre
  9089 | D:9      | Reached XP level 11. HP: 89/89 MP: 11/11
  9485 | D:9      | Found a staircase to the Orcish Mines.
 10098 | D:10     | Entered Level 10 of the Dungeon
 10142 | D:10     | Reached skill level 14 in Axes
 10264 | D:10     | Noticed a two-headed ogre
 10274 | D:10     | Killed a two-headed ogre
 10281 | D:10     | Noticed a two-headed ogre
 10497 | D:10     | Killed a two-headed ogre
 11384 | D:10     | Reached skill level 1 in Evocations
 12150 | D:11     | Noticed a six-headed hydra
 12202 | D:11     | Killed a six-headed hydra
 12617 | D:11     | Reached skill level 15 in Axes
 13792 | D:12     | Reached XP level 12. HP: 40/98 MP: 12/12
 14702 | D:12     | Noticed a two-headed ogre
 14707 | D:12     | Killed a two-headed ogre
 14708 | D:12     | Reached skill level 16 in Axes
 14905 | D:12     | Noticed a boulder beetle
 15065 | D:12     | Killed a boulder beetle
 15310 | D:13     | Noticed Josephine
 15331 | D:12     | Killed Josephine
 15756 | D:13     | Noticed a centaur warrior
 15773 | D:13     | Killed a centaur warrior
 16183 | D:13     | Noticed a centaur warrior
 16194 | D:13     | Noticed a centaur warrior
 16200 | D:13     | Killed a centaur warrior
 16207 | D:13     | Killed a centaur warrior
 16220 | D:13     | HP: 1/100 [manticore/volley of spikes (12)]
 17172 | D:14     | Reached skill level 17 in Axes
 17479 | D:14     | Reached XP level 13. HP: 106/106 MP: 13/13
 17517 | D:14     | Found a gate to the Vaults.
 17782 | D:14     | Identified the +7 falchion of Lileurag {speed, Stlth+}
 17794 | D:15     | Entered Level 15 of the Dungeon
 18288 | D:14     | bro
 18859 | D:14     | Found a burning altar of Makhleb.
 19168 | Lair:1   | Entered Level 1 of the Lair of Beasts
 19572 | Lair:1   | Reached skill level 10 in Fighting
 20398 | Lair:2   | Found a staircase to the Shoals.
 20986 | Lair:2   | Reached skill level 10 in Armour
 22603 | Lair:3   | Noticed Rupert
 22605 | Lair:3   | Paralysed by Rupert for 6 turns
 22759 | Lair:4   | You fall into a shaft and drop 1 floor!
 22766 | Lair:5   | Found a shimmering altar of Xom.
 22897 | Lair:5   | Reached skill level 18 in Axes
 23236 | Lair:4   | Found a staircase to the Snake Pit.
 24027 | Lair:5   | Reached XP level 14. HP: 109/109 MP: 11/14
 24361 | Lair:6   | Entered Level 6 of the Lair of Beasts
 26088 | Lair:6   | Found a staircase to the Slime Pits.
 27154 | Lair:4   | Found a runed translucent gate.
 27154 | Lair:4   | Found a runed translucent gate.
 27154 | Lair:4   | Found a runed translucent gate.
 27154 | Lair:4   | Noticed an acid blob
 27155 | Lair:4   | Noticed an azure jelly
 27157 | Lair:4   | Noticed an azure jelly
 27476 | Lair:4   | Noticed an azure jelly
 27477 | Lair:4   | Noticed a quicksilver ooze
 27979 | Lair:4   | Noticed an azure jelly
 27981 | Lair:4   | Noticed an acid blob
 27981 | Lair:4   | Noticed Naugein's ghost (journeyman MiHu)
 27982 | Lair:4   | Noticed an acid blob
 27982 | Lair:4   | Noticed an acid blob
 27984 | Lair:4   | Found a viscous altar of Jiyva.
 28088 | Lair:3   | Paralysed by Rupert for 5 turns
 28098 | Lair:3   | Paralysed by Rupert for 5 turns
 28106 | Lair:3   | Killed Rupert
 29509 | Orc:1    | Entered Level 1 of the Orcish Mines
 29560 | Orc:1    | Found Igrone's Magic Scroll Shoppe.
 29622 | Orc:1    | Bought a scroll of holy word for 120 gold pieces
 29622 | Orc:1    | Bought a scroll of magic mapping for 56 gold pieces
 29673 | Orc:1    | Noticed Erolcha
 29679 | Orc:1    | Killed Erolcha
 30051 | Orc:1    | Reached skill level 19 in Axes
 30079 | Orc:1    | Bought a scroll of brand weapon for 320 gold pieces
 30381 | Orc:2    | Entered Level 2 of the Orcish Mines
 30751 | Orc:2    | Found a staircase to the Elven Halls.
 31134 | Orc:2    | Reached XP level 15. HP: 41/128 MP: 6/15
 31577 | Orc:2    | Noticed an orc warlord
 31641 | Orc:2    | Killed an orc warlord
 31820 | Orc:2    | Found Jiuromn's Antique Weapon Shop.
 31834 | Orc:2    | Found Sirog's Jewellery Shoppe.
 32094 | Orc:2    | Found Poforum's Armour Shoppe.
 32096 | Orc:2    | Found Puddofobb's Distillery.
 32102 | Orc:2    | Bought a scarf of repulsion for 144 gold pieces
 32417 | Snake:1  | Entered Level 1 of the Snake Pit
 33083 | Snake:1  | Identified the +2 battleaxe of Killer Klown's Foe {vorpal,
                  | rCorr} (Trog gifted it to you on level 1 of the Snake Pit)
 33083 | Snake:1  | Received a gift from Trog
 33684 | Snake:1  | HP: 9/193 [shock serpent (3)]
 33684 | Snake:1  | HP: 1/193 [shock serpent (8)]
 33685 | Snake:1  | Succumbed to a naga sharpshooter's splash of poison

Illustrated notes ##...##.. ##.....(... #.>........ #.......... .......... ####......... #.......#.... #...@.....# #...†...### #.....)## #.......... #......#### #..<...# #........ .....##### ####### Turn 7391 on D:8: lol

#.### ***.#** #.##.##### #.#
**####.** #.#.......
####.####,......####.#.##.###
#####....^..#,#.......##.#.##.#
...>pp.....#..#..##.#.##...)..#*#
.###lp.#..###$#..,....####.##....
,**#e..#.## *#..##..#.####.##.###
,,......#.*##.#.....#....[.##.*##
,##.....}.,#....@$#####.#####.##.
,*#......#..#####...#...##.......
,,.........#* ##..#.###*.##..#.
,##.........* #.....# *,##....
,,.....§....* #...### #,#.....
***,,,,,,,,,* #...# #.#...##
****,,,,,**** #...# #.#..... ,*
*,,,,,* ######...######.....##
,***,,,,,**#...<.........###.####


Turn 18288 on D:14: bro

Levels and vault maps discovered:
D:1:      tarquinn_simple_flora_water_f, layout_basic,
          shapermc_ecumenical_altar_venn, minmay_misc_feat_nine_boxes
D:2:      layout_basic, uniq_sigmund
D:3:      layout_basic, minmay_fountain_box, uniq_ijyb
D:4:      layout_rooms, mainiacjoe_overflow_cross_hatched,
          lightli_ossuary_entry_decrepit_ruins, uniq_edmund
D:5:      layout_basic, serial_shops, shop_coins, st_stairs_4, uniq_menkaure,
          uniq_prince_ribbit1, uniq_pikel
D:6:      layout_loops_ring, hellmonk_ghost_happy_afterlife,
          kennysheep_generic_room_15, uniq_grinder, uniq_eustachio
D:7:      layout_basic, minmay_temple_entry_slanted, uniq_crazy_yiuf_cottage
D:8:      layout_rooms, mainiacjoe_overflow_large_starburst,
          mainiacjoe_overflow_24_doors, uniq_erica
D:9:      layout_loops_corners, due_lair_maze_entry_diamond, minivault_11
D:10:     layout_basic
D:11:     layout_stronghold
D:12:     layout_long_grid
D:13:     layout_basic, uniq_josephine
D:14:     layout_loops_cross, grunt_vaults_entry_tiered, lemuel_round_altar
D:15:     gammafunk_depths_entry_grave, layout_loops_ring, special_room
          [special_room_mythical_zoo], hangedman_feature_mirror
Lair:1:   layout_hall_layers
Lair:2:   statuecave_lemuel, layout_cave_pods, minmay_shoals_entry_centaurs,
          grunt_megastairs_2
Lair:3:   layout_cave_pods, chequers_serial_rivers_micro_b, grunt_megastairs_5,
          lemuel_fruit_fields, serial_bayou_shore_b, uniq_rupert
Lair:4:   layout_gridlike, minmay_snake_entry_guardpost_small,
          gammafunk_ghost_ooze, lemuel_fruit_fields
Lair:5:   layout_gridlike, basic_altar, special_room [special_room_bee]
Lair:6:   gammafunk_lair_ancient_temple, layout_gridlike,
          minmay_slime_entry_oklob_open, patterned_corridor,
          infiniplex_staircase_pool
Snake:1:  cheibrodos_toxic_ritual, layout_honeycomb, serial_bayou_shore_a
Orc:1:    layout_diamond_mine, serial_shops,
          nicolae_shop_temple_entry_statues_fountains, uniq_erolcha
Orc:2:    st_orc_elflike, layout_caves, mines2_lemuel

Skill      XL: |  1  2  3  4  5  6  7  8  9 10 11 12 13 14 15 |
---------------+----------------------------------------------+-----
Axes           | 5 6 8 10 12 13 15 17 18 19 | 19.8
Dodging        | 2 3 |  3.9
Armour         | 2 3 4 6 7 8 10 12 | 12.2
Fighting       | 4 5 6 7 8 9 10 11 12 | 12.2
Throwing       | 1 |  1.1
Evocations     | 1 3 4 |  4.0

Action                   |  1- 3 |  4- 6 |  7- 9 | 10-12 | 13-15 || total
-------------------------+-------+-------+-------+-------+-------++-------
Melee: Hand axe          |    80 |    93 |   336 |   284 |       ||   793
       Tailslap          |     9 |    11 |    45 |   125 |   131 ||   321
       War axe           |       |       |       |   400 |   675 ||  1075
       Battleaxe         |       |       |       |       |   247 ||   247
Throw: Dart              |       |     2 |     9 |    10 |    15 ||    36
Invok: Berserk           |     2 |     8 |    14 |    35 |    25 ||    84
       Trog's Hand       |       |       |     2 |     4 |     5 ||    11
       Brothers in Arms  |       |       |       |     5 |     6 ||    11
 Abil: Rolling Charge    |       |       |       |     2 |    16 ||    18
Evoke: Wand              |       |       |     3 |    16 |    26 ||    45
       Box of beasts     |       |       |       |       |     4 ||     4
       Condenser vane    |       |       |       |       |     3 ||     3
  Use: Scroll            |     4 |     1 |     5 |    11 |    22 ||    43
       Potion            |       |       |     1 |     7 |     4 ||    12
 Stab: Paralysed         |       |       |     5 |       |     6 ||    11
       Distracted        |       |       |       |     1 |     5 ||     6
       Confused          |       |       |       |       |     1 ||     1
Armor: Animal skin       |    22 |       |       |       |       ||    22
       Leather armour    |    15 |    38 |    23 |       |       ||    76
       Chain mail        |       |       |   114 |    72 |       ||   186
       Plate armour      |       |       |       |   427 |   634 ||  1061
       Skin              |       |       |       |     3 |       ||     3
Dodge: Dodged            |    35 |    44 |    81 |    89 |   143 ||   392

Table legend: (Time is in decaauts)
 A = Elapsed time spent in this place.
 B = Non-inter-level travel time spent in this place.
 C = Inter-level travel time spent in this place.
 D = Time resting spent in this place.
 E = Time spent auto-exploring this place.
 F = Levels seen in this place.
 G = Mean time per level.
                   A        B        C        D        E       F      G
               +--------+--------+--------+--------+--------+-----+--------+
         Total |  34096 |  32685 |   1411 |   7489 |  19968 |  25 | 1363.8 |
       Dungeon |  18831 |  18123 |    708 |   4914 |  10314 |  15 | 1255.4 |
          Lair |  10375 |   9849 |    526 |   1817 |   6634 |   6 | 1729.2 |
     Snake Pit |   1051 |   1051 |      0 |      9 |    860 |   1 | 1051.0 |
  Orcish Mines |   2827 |   2652 |    175 |    619 |   1484 |   2 | 1413.5 |
       Ossuary |   1011 |   1011 |      0 |    129 |    675 |   1 | 1011.0 |
               +--------+--------+--------+--------+--------+-----+--------+

Top non-repeatable levels by time:
    D:12: 2355 daAuts
  Lair:6: 2067 daAuts
  Lair:5: 2065 daAuts
    D:14: 2033 daAuts
  Lair:3: 1976 daAuts
     D:9: 1816 daAuts
    D:13: 1790 daAuts
  Lair:2: 1642 daAuts
   Orc:2: 1640 daAuts
    D:10: 1467 daAuts
    D:11: 1442 daAuts
  Lair:4: 1426 daAuts
     D:8: 1329 daAuts
     D:6: 1214 daAuts
  Lair:1: 1197 daAuts
